AoeStats
← MilanesaDe_Pollo

Arena

507864775Analyzed
3v3 RM · 12d ago on Sep 20, 2026· 60m 13s· 6 players
Game mode
Random Map
Map size
Normal (6 player)
Population
200
Speed
Normal
Resources
Standard
Victory
Conquest
Starting age
Dark Age
Ending age
Imperial Age
RankedLock teamsTeams togetherTeam positionsShared explorationLock speedFull tech treeHidden civsTurbo modeCheats
Victory
Defeat
🇦🇷 Spanish · Argentina
931
+15
🇦🇷 Vietnamese · Argentina
930
+15
🇦🇷 Italians · Argentina
927
+15
🇲🇽 Byzantines · Mexico
913
-15
🇧🇷 Burmese · Brazil
911
-15
🇧🇷 Bengalis · Brazil
911
-15
Silicio14Si
9:36 Loom
11:44 Feudal Age
14:38 Horse Collar
17:30 Castle Age
17:39 Double-Bit Axe
25:59 Imperial Age
24:32 Wheelbarrow
24:59 Heavy Plow
26:53 Hand Cart
28:28 Fletching
31:57 Chemistry
30:53 Stone Mining
31:21 Forging
31:14 Scale Mail Armor
32:42 Treadmill Crane
34:17 Elite Skirmisher
34:57 Bodkin Arrow
35:03 Padded Archer Armor
35:12 Thumb Ring
35:30 Pikeman
36:10 Squires
36:39 Conscription
36:59 Halberdier
38:02 Logistica
37:48 Elite Cataphract
39:06 Hoardings
39:56 Iron Casting
39:37 Chain Mail Armor
39:23 Bracer
39:39 Leather Archer Armor
42:22 Plate Mail Armor
43:32 Scale Barding Armor
43:58 Ring Archer Armor
46:26 Chain Barding Armor
47:55 Ballistics
48:47 Plate Barding Armor
50:39 Bow Saw
luiz
3:46 Loom
13:05 Feudal Age
17:35 Castle Age
16:17 Horse Collar
20:23 Scale Barding Armor
21:28 Forging
21:57 Town Watch
23:58 Wheelbarrow
31:11 Imperial Age
30:15 Bloodlines
30:05 Husbandry
31:38 Iron Casting
36:04 Blast Furnace
35:25 Chain Barding Armor
34:56 Fletching
37:02 Conscription
38:47 Heavy Plow
38:45 Bodkin Arrow
39:41 Padded Archer Armor
39:54 Squires
39:39 Arson
39:53 Elite Skirmisher
46:09 Chemistry
45:30 Ballistics
44:50 Cavalier
46:31 Bracer
47:06 Plate Barding Armor
58:41 Light Cavalry
SirCardoso
13:06 Feudal Age
17:42 Castle Age
16:34 Horse Collar
17:09 Stone Mining
18:16 Loom
19:42 Fletching
20:12 Town Watch
22:40 Heavy Plow
27:06 Wheelbarrow
27:12 Bloodlines
27:05 Husbandry
27:45 Double-Bit Axe
28:50 Gold Mining
30:26 Hand Cart
30:57 Bow Saw
31:32 Ballistics
35:08 Imperial Age
33:36 Padded Archer Armor
33:16 Light Cavalry
37:52 Two-Man Saw
37:30 Scale Barding Armor
37:43 Leather Archer Armor
39:29 Chain Barding Armor
39:20 Forging
40:56 Chemistry
40:03 Siege Engineers
40:21 Conscription
41:10 Plate Barding Armor
44:21 Pikeman
45:06 Elite Ratha (Ranged)
47:46 Squires
52:21 Iron Casting
51:53 Scale Mail Armor
52:03 Halberdier
MilanesaDe_Pollo
11:20 Feudal Age
11:33 Feudal Age
15:27 Castle Age
13:53 Double-Bit Axe
14:03 Horse Collar
17:10 Wheelbarrow
24:17 Loom
24:47 Hand Cart
27:37 Fletching
27:55 Scale Barding Armor
29:32 Inquisition
33:36 Imperial Age
31:51 Bodkin Arrow
33:52 Chain Barding Armor
33:34 Padded Archer Armor
33:47 Forging
33:37 Scale Mail Armor
35:00 Pikeman
36:49 Squires
36:35 Arson
38:14 Ballistics
38:05 Fortified Wall
39:03 Halberdier
39:31 Town Watch
40:01 Gold Mining
40:01 Stone Mining
40:13 Heavy Plow
40:25 Bow Saw
42:11 Town Patrol
44:59 Capped Ram
45:26 Light Cavalry
46:16 Bloodlines
46:07 Husbandry
46:10 Bracer
46:46 Iron Casting
46:27 Chain Mail Armor
46:48 Plate Barding Armor
46:17 Hussar
47:45 Stone Shaft Mining
48:15 Two-Man Saw
47:31 Man-at-Arms
47:56 Gambesons
48:12 Long Swordsman
49:25 Two-Handed Swordsman
51:24 Blast Furnace
50:55 Plate Mail Armor
50:46 Elite Conquistador
51:47 Conscription
50:53 Champion
53:01 Siege Ram
santiagosservin
11:32 Feudal Age
15:42 Castle Age
13:33 Double-Bit Axe
14:05 Horse Collar
17:00 Loom
21:58 Wheelbarrow
21:09 Town Watch
21:18 Town Watch
21:46 Bow Saw
24:41 Hand Cart
24:19 Gold Mining
24:19 Stone Mining
26:48 Stone Mining
27:01 Heavy Plow
27:50 Fletching
28:00 Padded Archer Armor
31:47 Imperial Age
29:16 Bodkin Arrow
30:09 Fortified Wall
32:39 Leather Archer Armor
32:28 Bracer
34:19 Chemistry
33:39 Ballistics
33:01 Treadmill Crane
33:07 Arrowslits
33:34 Caravan
33:58 Conscription
35:32 Ring Archer Armor
35:17 Masonry
34:31 Light Cavalry
35:21 Bloodlines
35:12 Husbandry
35:59 Forging
35:54 Scale Barding Armor
36:01 Hussar
38:21 Chain Barding Armor
38:37 Iron Casting
39:48 Crop Rotation
40:33 Architecture
40:00 Murder Holes
39:36 Elite Genoese Crossbowman
40:40 Silk Road
41:03 Plate Barding Armor
41:28 Blast Furnace
41:04 Plate Barding Armor
49:36 Hoardings
dott1
12:36 Feudal Age
13:55 Loom
16:22 Castle Age
15:06 Double-Bit Axe
15:55 Horse Collar
24:21 Heavy Plow
24:38 Bow Saw
24:54 Town Watch
26:15 Wheelbarrow
26:12 Gold Mining
26:14 Stone Mining
29:15 Ballistics
28:22 Elite Skirmisher
31:35 Imperial Age
29:20 Fletching
29:06 Pikeman
30:37 Bodkin Arrow
30:53 Forging
30:44 Padded Archer Armor
31:29 Hand Cart
32:11 Stone Shaft Mining
31:58 Town Patrol
32:11 Scale Mail Armor
31:37 Halberdier
32:57 Scale Barding Armor
33:54 Iron Casting
33:57 Crop Rotation
34:54 Squires
37:23 Bracer
36:47 Imperial Skirmisher
38:28 Chain Mail Armor
38:28 Leather Archer Armor
40:31 Plate Mail Armor
41:06 Chemistry
41:28 Ring Archer Armor
41:18 Chain Barding Armor
44:17 Plate Barding Armor
43:50 Siege Engineers
43:56 Fortified Wall
44:44 Arson
45:45 Elite Rattan Archer
53:07 Elite Fire Lancer
54:03 Caravan
55:13 Two-Man Saw
Connection lost

Rejoining the realm…

Still unreachable

The connection could not be restored.

Session expired

The server has moved on; the page needs a fresh start.